 Dungeon Crawl Stone Soup version 0.23.2-1-ga50397a (webtiles) character file.

Game seed: 2918470942448126019

121 IBeShadow the Chopper (level 4, -2/44 HPs)
             Began as a Deep Dwarf Fighter on May 15, 2019.
             Slain by Grinder (5 damage)
             ... on level 3 of the Dungeon.
             The game lasted 00:02:06 (1223 turns).

IBeShadow the Chopper (Deep Dwarf Fighter)          Turns: 1223, Time: 00:02:07

Health: -2/44      AC:  8    Str: 20    XL:     4   Next: 76%
Magic:  4/4        EV:  7    Int:  9    God:
Gold:   104        SH:  9    Dex: 12    Spells: 3/3 levels left

rFire    . . .     SeeInvis .   a - +0 war axe
rCold    . . .     Gourm    .   c - +0 shield
rNeg     . . .     Faith    .   b - +0 scale mail
rPois    .         Spirit   .   (no helmet)
rElec    .         Reflect  .   r - +0 cloak (curse)
rCorr    .         Harm     .   (no gloves)
MR       .....                  (no boots)
Stlth    ..........             n - amulet of the acrobat
HPRegen  0.00/turn              (no ring)
MPRegen  0.09/turn              (no ring)

@: non-regenerating
A: damage resistance, heal wounds, sense surroundings 1, no regeneration
a: Heal Wounds


You were on level 3 of the Dungeon.
You were not hungry.

You visited 1 branch of the dungeon, and saw 3 of its levels.

You collected 104 gold pieces.

Inventory:

Hand Weapons
 a - a +0 war axe (weapon)
Armour
 b - a +0 scale mail (worn)
 c - a +0 shield (worn)
 l - a +0 plate armour
 r - a cursed +0 cloak (worn)
Jewellery
 n - an amulet of the acrobat (around neck)
Scrolls
 g - 3 scrolls of blinking {unknown}
 h - a scroll of fear {unknown}
 i - a scroll of teleportation {unknown}
 j - a scroll of enchant weapon {unknown}
 o - a scroll of identify {unknown}
 p - a scroll of magic mapping {unknown}
Potions
 d - a potion of might
 e - 2 potions of mutation {unknown}
 k - a potion of lignification {unknown}
 q - 2 potions of degeneration {unknown}
Comestibles
 f - 7 rations
 m - 4 chunks of flesh


   Skills:
 + Level 4.0 Fighting
 + Level 4.2 Axes
 - Level 3.2 Armour
 - Level 3.2 Shields


You had 3 spell levels left.
You didn't know any spells.
Your spell library was empty.

Dungeon Overview and Level Annotations

Branches:
Dungeon (3/15)

Altars:
Elyvilon

Annotations:
D:3 Grinder


Innate Abilities, Weirdness & Mutations

You are resistant to damage.
You can heal yourself by infusing magical energy.
You passively map a small area around you.
You do not regenerate.


Message History

Grinder is nearby!
You are too injured to fight recklessly!
Grinder is nearby!
Grinder is nearby!
You are too injured to fight recklessly!
You are too injured to fight recklessly!
Unknown command.
You are too injured to fight recklessly!
You closely miss Grinder.
Grinder is heavily wounded.
Grinder hits you.
You writhe in agony.
* * * LOW HITPOINT WARNING * * *
You slash Grinder!
Grinder is almost dead.
Grinder gestures at you. Pain shoots through your body!
* * * LOW HITPOINT WARNING * * *
Grinder hits you but does no damage.
You fail to use your ability.
Grinder hits you!
You die...

.....#....#####.# , ,
#...............#
#....#....######### * ,
#....#......).....#
#....#........?...# ,
#....#...[........#
######........†...#####.
* #...(##....5.!.?...
#....##....@.####** ,
#....##......# *, #####
#......# #......#
#......# , #......# ,
###.#### * #. * #.*


You could see Grinder.

Vanquished Creatures
  5 adders
  2 oozes
  A worm (D:2)
  3 dart slugs (D:2)
  2 leopard geckos (D:2)
  An orc (D:3)
  4 giant cockroaches
  5 goblins
  12 hobgoblins
  3 jackals (D:2)
  4 kobolds
  2 quokkas
  2 bats (D:3)
  5 frilled lizards
  2 rats (D:2)
53 creatures vanquished.

Notes
Turn   | Place    | Note
-------+----------+-------------------------------------------
     0 | D:1      | IBeShadow the Deep Dwarf Fighter began the quest for the
                  | Orb.
     0 | D:1      | Reached XP level 1. HP: 20/20 MP: 1/1
   204 | D:1      | Reached XP level 2. HP: 25/28 MP: 2/2
   526 | D:2      | Reached XP level 3. HP: 13/34 MP: 3/3
   537 | D:2      | Found a white marble altar of Elyvilon.
   805 | D:2      | Reached XP level 4. HP: 38/44 MP: 4/4
  1203 | D:3      | Noticed Grinder
  1213 | D:3      | Paralysed by Grinder for 5 turns
  1223 | D:3      | Slain by Grinder

Skill      XL: |  1  2  3  4 |
---------------+-------------+-----
Fighting       | 3 4 |  4.0
Axes           | 3 4 |  4.2
Armour         | |  3.2
Shields        | |  3.2

Action                   |  1- 3 |  4- 6 || total
-------------------------+-------+-------++-------
Melee: War axe           |    89 |    58 ||   147
 Abil: Heal Wounds       |     1 |       ||     1
  Eat: Chunk             |       |     1 ||     1
Armor: Scale mail        |    31 |    32 ||    63
Dodge: Dodged            |    21 |    21 ||    42
Block: Shield            |    46 |    38 ||    84
